 Dungeon Crawl Stone Soup version 0.26-a0-651-gb41185065b (webtiles) character file.

Game seed: 7671876532974555086

3802 Irenicus the Fencer (level 9, -2/70 HPs)
             Began as a Minotaur Chaos Knight on Oct 29, 2020.
             Was a Plaything of Xom.
             Slain by a warg (16 damage)
             ... on level 8 of the Dungeon.
             The game lasted 00:17:25 (6109 turns).

Irenicus the Fencer (Minotaur Chaos Knight)         Turns: 6109, Time: 00:17:26

Health: -2/70      AC: 12    Str: 17    XL:     9   Next: 96%
Magic:  8/8        EV: 13    Int: 11    God:    Xom [......]
Gold:   630        SH:  0    Dex: 15    Spells: 8/8 levels left

rFire    . . .     SeeInvis .   y - +2 great sword (chaos)
rCold    + . .     Faith    .   (shield currently unavailable)
rNeg     . . .     Spirit   .   o - +1 leather armour {rC+}
rPois    .         Reflect  .   (helmet restricted)
rElec    .         Harm     .   (no cloak)
rCorr    .         Rampage  .   w - +0 pair of gloves
MR       .....     Clarity  +   M - +0 pair of boots
Stlth    +.........             (no amulet)
HPRegen  0.21/turn              L - +4 ring of slaying
MPRegen  0.11/turn              z - +4 ring of protection

@: no status effects
A: retaliatory headbutt, claws 1, horns 2, repulsion field 1, icy blue scales 1,
agile 1, blink, clarity, clever 1, high mp 1
a: Blink, Renounce Religion


You were on level 8 of the Dungeon.
You worshipped Xom.
You were a very special plaything of Xom.
You visited 1 branch of the dungeon, and saw 8 of its levels.
You also visited: Ossuary.

You collected 630 gold pieces.

Inventory:

Hand Weapons
 a - a +0 falchion of chaos
 y - a +2 great sword of chaos (weapon)
   (Xom gifted it to you on level 5 of the Dungeon)
 K - a +0 long sword
   (Xom gifted it to you on level 7 of the Dungeon)
Armour
 b - a +2 leather armour
 o - a +1 leather armour of cold resistance (worn)
   (You found it on level 3 of the Dungeon)
 w - a +0 pair of gloves (worn)
   (You found it on level 5 of the Dungeon)
 M - a +0 pair of boots (worn)
   (You found it on level 8 of the Dungeon)
Magical Staves
 x - an uncursed staff of fire {rF+}
   (Xom gifted it to you on level 5 of the Dungeon)
 N - an uncursed staff of death {unknown}
   (You found it on level 8 of the Dungeon)
Jewellery
 t - an uncursed ring of see invisible {sInv, !d}
   (You found it on level 5 of the Dungeon)
 z - a +4 ring of protection (right hand)
   (You found it on level 6 of the Dungeon)
 L - a +4 ring of slaying (left hand)
   (You found it on level 8 of the Dungeon)
Wands
 p - a wand of flame (18)
   (You found it on level 3 of the Dungeon)
 r - a wand of disintegration (10)
   (You took it off Ijyb on level 3 of the Dungeon)
 G - a wand of iceblast (7)
   (You found it on level 6 of the Dungeon)
Scrolls
 c - 11 scrolls of identify
 d - 6 scrolls of teleportation {unknown}
 e - 3 scrolls of blinking {unknown}
 k - 3 scrolls of magic mapping {unknown}
 l - 6 scrolls of remove curse {unknown}
 m - a scroll of immolation {unknown}
 n - a scroll of fog {unknown}
 s - a scroll of enchant weapon {unknown}
 A - a scroll of amnesia {unknown}
 D - a scroll of brand weapon {unknown}
 F - 3 scrolls of vulnerability {unknown}
 H - a scroll of acquirement {unknown}
 J - 2 scrolls of fear {unknown}
Potions
 f - 5 potions of curing
 g - 2 potions of brilliance {unknown}
 h - 3 potions of flight {unknown}
 i - 2 potions of might {unknown}
 j - 2 potions of degeneration {unknown}
 q - 2 potions of mutation {unknown}
 u - a potion of cancellation {unknown}
 v - 2 potions of stabbing {unknown}
 B - a potion of magic {unknown}
 C - a potion of lignification {unknown}
 E - a potion of resistance {unknown}
Miscellaneous
 I - a condenser vane (2/2)
   (Xom gifted it to you on level 7 of the Dungeon)


   Skills:
 - Level 3.6 Fighting
 + Level 16.2 Long Blades
 - Level 2.4 Armour
 - Level 1.1 Dodging


You had 8 spell levels left.
You didn't know any spells.
Your spell library was empty.

Dungeon Overview and Level Annotations

Branches:
Dungeon (8/15)             Temple (0/1) D:4            Lair (0/6) D:8
Ossuary (visited)

Altars:
Fedhas
Okawaru
Trog
Uskayaw
Xom

Shops:
D:8 =

Annotations:
D:3 3 runed translucent doors, milk's ghost, weakling MiFi


Innate Abilities, Weirdness & Mutations

You reflexively headbutt those who attack you in melee.
You have a pair of horns on your head.
You have sharp fingernails.
You are surrounded by a mild repulsion field. (EV +2)
You are partially covered in icy blue scales. (AC +2)
You are agile. (Dex +2)
You can translocate small distances at will.
You possess an exceptional clarity of mind.
Your mind is acute. (Int +2)
You have an increased reservoir of magic. (+10% MP)


Message History

You kill the orc warrior!
Your Long Blades skill increases to level 16!
You barely miss the orc. You headbutt the orc.
The orc is lightly wounded.
The orc hits you but does no damage.
You slice the orc!!
You kill the orc!
Items here: )) [ ††.
g - 2 ruby potions (gained 1) HP restored.
You now have 630 gold pieces (gained 11).
A warg and an orc priest come into view.
The orc priest shouts!
The warg howls!
You hear a shout!
An orc priest comes into view. It is wielding a +0 short sword.
An orc comes into view. It is wielding a +0 hand axe.
Health restored: 70 The orc shouts!
You hear a shout!
A warg comes into view.
An orc priest comes into view. It is wielding a +0 war axe.
An orc comes into view. It is wielding a -2 dagger.
The orc priest casts a cantrip, but nothing happens.
There is a stone staircase leading down here.
An orc priest comes into view. It is wielding a +0 hand axe.
The orc priest shouts!
The orc shouts!
A warg comes into view.
The orc priest calls down the wrath of Beogh upon you.
Beogh smites you!
Found a scroll labeled VUAW FATTUARA.
Found a staircase to the Lair.
You take 10 damage, and have 60/70 hp.
The warg misses you.
You riposte.
You slash the warg! You freeze the warg. You headbutt the warg.
The warg is severely wounded.
You closely miss the warg.
The warg is severely wounded.
The warg barely misses you. The orc closely misses you.
You closely miss the warg. You headbutt the warg!
You kill the warg!
The orc priest calls down the wrath of Beogh upon you.
Beogh smites you! The orc barely misses you.
You take 10 damage, and have 50/70 hp.
You closely miss the orc.
The orc priest hits you but does no damage.
The orc closely misses you.
You slash the orc priest! You freeze the orc priest!
You kill the orc priest!
The orc priest mumbles some strange prayers to Beogh against you.
Beogh smites you! The warg closely misses you.
You take 11 damage, and have 39/70 hp.
You hit the orc. You freeze the orc.
The orc is moderately wounded.
The orc completely misses you. You furiously retaliate!
You headbutt the orc.
You riposte.
You hit the orc.
You kill the orc!
The warg barely misses you.
You riposte.
You closely miss the warg. You headbutt the warg.
The warg is lightly wounded.
You hit the warg but do no damage. Lightning courses through the warg!!
You headbutt the warg.
The warg is almost dead.
The orc priest casts a cantrip, but nothing happens.
The warg bites you but does no damage.
The orc priest casts a cantrip, but nothing happens.
You hit the warg but do no damage.
The warg flickers and vanishes!
Deactivating autopickup; reactivate with Ctrl-A.
The warg bites you. Something bites you but does no damage.
The warg closely misses you. You furiously retaliate!
You headbutt the warg!
You take 5 damage, and have 34/70 hp.
You hit the warg but do no damage.
The warg is moderately wounded.
Something bites you but does no damage. The warg bites you but does no damage.
You hit the warg.
The warg is poisoned.
The warg is moderately wounded.
Something bites you!
* * * LOW HITPOINT WARNING * * *
The orc priest casts a cantrip, but nothing happens.
The warg closely misses you.
You riposte.
You slice the warg!!
You kill the warg!
You take 16 damage, and have 18/70 hp.
MASSIVE DAMAGE!!
Something bites you.
* * * LOW HITPOINT WARNING * * *
You take 6 damage, and have 12/70 hp.
The orc priest calls down the wrath of Beogh upon you.
Beogh smites you!
* * * LOW HITPOINT WARNING * * *
There is a stone staircase leading down here.
You take 8 damage, and have 4/70 hp.
You feel better. Something bites you but does no damage.
The orc priest looks satisfied for a moment.
You regained 8 hp, and now have 12/70 hp.
You feel better. Something bites you!
* * * LOW HITPOINT WARNING * * *
Something bites you but does no damage.
You take 8 damage, and have 4/70 hp.
You feel better. Something bites you but does no damage.
The orc priest invokes the aid of Beogh against you.
You struggle to resist.
You regained 5 hp, and now have 9/70 hp.
You feel better. Something bites you!
You die...
Xom laughs nastily!

.?....>...... #.
............ ###.
#..P...$... #...
........ #.########.#.
#.....####<...........
#.)o#.. .########....
#.#o#.# ########.....
#.#{#o# .............
#...@.# ########.....
#.....# ##...#
#.....###########.###
#.....##.........># #
#....###.########## #
#.#.## #.# #
#.#.####.# #.#......#
#.#..#####


You could see 3 orc priests.

Vanquished Creatures
  A wraith (D:8)
  A wyvern (D:8)
  Menkaure (D:4)
  2 wargs (D:8)
  3 orc warriors (D:8)
  2 ice beasts
  2 black bears
  An ogre (D:7)
  2 centaurs (D:5)
  2 bullfrogs
  7 wights
  2 electric eels (D:6)
  A howler monkey (D:7)
  2 centaur zombies (D:7)
  2 bullfrog zombies
  A hound (D:4)
  2 orc priests (D:8)
  A centaur skeleton (D:4)
  2 orc wizards (D:5)
  Ijyb (D:3)
  Natasha (thrice) (D:3)
  Terence (D:3)
  4 iguanas
  5 worker ants
  12 mummies (Ossuary)
  Robin (D:2)
  9 gnolls
  13 adders
  A shadow imp (D:7)
  A white imp (D:5)
  2 ufetubi (D:6)
  An adder skeleton (D:4)
  2 worms (D:3)
  3 dart slugs
  5 leopard geckos
  23 orcs
  5 giant cockroaches
  17 goblins
  16 hobgoblins
  3 jackals (D:6)
  4 quokkas
  2 ball pythons
  8 bats
  4 frilled lizards
  2 gnoll skeletons (Ossuary)
  8 kobolds
  4 kobold skeletons (Ossuary)
  A leopard gecko skeleton (D:4)
  2 orc skeletons (Ossuary)
  10 rats
  11 rat skeletons (Ossuary)
  2 rat zombies (D:6)
223 creatures vanquished.

Vanquished Creatures (collateral kills)
  A two-headed ogre (D:6)
  A gnoll sergeant (D:5)
  4 gnolls (D:5)
6 creatures vanquished.

Vanquished Creatures (others)
  8 fungi (D:3)
  A plant (D:3)
9 creatures vanquished.

Grand Total: 238 creatures vanquished

Notes
Turn   | Place    | Note
-------+----------+-------------------------------------------
     0 | D:1      | Irenicus the Minotaur Chaos Knight began the quest for the
                  | Orb.
     0 | D:1      | Reached XP level 1. HP: 19/19 MP: 0/0
    23 | D:1      | XOM: divination: detect items
    49 | D:1      | Reached skill level 4 in Long Blades
    56 | D:1      | Reached XP level 2. HP: 15/26 MP: 1/1
    60 | D:1      | XOM: divination: detect items
   113 | D:1      | HP: 4/26 [dart slug/slug dart (4)]
   114 | D:1      | HP: 1/26 [dart slug (3)]
   137 | D:1      | Reached skill level 5 in Long Blades
   170 | D:1      | Reached XP level 3. HP: 7/31 MP: 2/2
   604 | D:2      | Noticed Robin
   609 | D:2      | XOM: potion effect (might)
   630 | D:2      | Killed Robin
   630 | D:2      | Reached skill level 6 in Long Blades
   630 | D:2      | Reached XP level 4. HP: 23/39 MP: 3/3
   730 | D:2      | HP: 9/39 [poisoned by an adder]
   735 | D:2      | HP: 7/39 [poisoned by an adder]
   740 | D:2      | HP: 6/39 [poisoned by an adder]
   748 | D:2      | HP: 5/39 [poisoned by an adder]
   790 | D:2      | Found a bloodstained altar of Trog.
   914 | D:2      | XOM: silly message
   923 | D:2      | XOM: 7-stop teleportation journey
  1198 | D:2      | XOM: silly message
  1296 | D:3      | Found a blossoming altar of Fedhas.
  1391 | D:3      | Noticed Terence
  1396 | D:3      | HP: 8/39 [kobold/+0 dagger (2)]
  1415 | D:3      | XOM: enchant monster (bad)
  1421 | D:3      | XOM: blink monster(s)
  1434 | D:3      | Killed Terence
  1434 | D:3      | Reached skill level 7 in Long Blades
  1434 | D:3      | Reached XP level 5. HP: 37/45 MP: 4/4
  1464 | D:3      | Noticed Natasha
  1469 | D:3      | XOM: noise
  1470 | D:3      | XOM: 2-stop teleportation journey
  1545 | D:3      | Found a blossoming altar of Fedhas.
  1563 | D:3      | Found a runed translucent gate.
  1563 | D:3      | Found a runed translucent gate.
  1565 | D:3      | Found a runed translucent gate.
  1567 | D:3      | Noticed milk's ghost (weakling MiFi)
  1612 | D:3      | XOM: give mutations
  1612 | D:3      | Gained mutation: You are agile. (Dex +2) [Xom's grace]
  1612 | D:3      | Gained mutation: You are partially covered in icy blue
                  | scales. (AC +2) [Xom's grace]
  1612 | D:3      | Gained mutation: You have a somewhat thin skeletal
                  | structure. (Dex +2, Stealth) [Xom's grace]
  1612 | D:3      | Gained mutation: You are surrounded by a mild repulsion
                  | field. (EV +2) [Xom's grace]
  1614 | D:3      | Killed Natasha
  1674 | D:3      | Noticed Ijyb
  1676 | D:3      | XOM: scenery: create altars
  1679 | D:3      | Killed Ijyb
  1679 | D:3      | Reached skill level 8 in Long Blades
  1723 | D:3      | Reached XP level 6. HP: 22/51 MP: 5/5
  1972 | D:3      | Noticed Natasha
  1979 | D:3      | Killed Natasha
  2083 | D:3      | Noticed Natasha
  2089 | D:3      | Killed Natasha
  2222 | D:4      | Reached skill level 9 in Long Blades
  2240 | D:4      | Found a staircase to the Ecumenical Temple.
  2405 | D:4      | Noticed Menkaure
  2417 | D:4      | Killed Menkaure
  2417 | D:4      | Reached XP level 7. HP: 57/57 MP: 6/6
  2509 | D:4      | Found a hide-covered altar of Uskayaw.
  3037 | D:5      | Entered Level 5 of the Dungeon
  3148 | D:5      | XOM: give mutations
  3148 | D:5      | Gained mutation: You can translocate small distances at
                  | will. [Xom's grace]
  3148 | D:5      | Gained mutation: You possess an exceptional clarity of
                  | mind. [Xom's grace]
  3162 | D:5      | Reached skill level 10 in Long Blades
  3183 | D:5      | XOM: summons 4 hostile shadow creatures
  3233 | D:5      | XOM: summons 6 friendly demons
  3321 | D:5      | Reached skill level 11 in Long Blades
  3857 | D:5      | XOM: god gift: twisted glowing staff {god gift}
  3919 | D:5      | XOM: god gift: runed great sword {god gift}
  3954 | D:6      | Reached XP level 8. HP: 64/64 MP: 7/7
  4002 | D:6      | Noticed a two-headed ogre
  4003 | D:6      | XOM: fog
  4020 | D:6      | XOM: summons 5 friendly demons
  4026 | D:6      | XOM: polymorph worker ant -> gnoll
  4027 | D:6      | Killed a two-headed ogre
  4027 | D:6      | Reached skill level 13 in Long Blades
  4043 | D:6      | Found a sand-covered staircase.
  4064 | Ossuary  | Entered an ossuary
  4290 | Ossuary  | XOM: give mutations
  4290 | Ossuary  | Gained mutation: You evolve. [Xom's grace]
  4290 | Ossuary  | Gained mutation: You have large cloven feet. [Xom's grace]
  4290 | Ossuary  | Gained mutation: You have sharp fingernails. [Xom's grace]
  4290 | Ossuary  | Gained mutation: You have supernaturally acute eyesight.
                  | (SInv) [Xom's grace]
  4355 | D:6      | XOM: confuse monster(s)
  4435 | D:6      | Reached XP level 9. HP: 68/70 MP: 8/8
  4439 | D:6      | XOM: divination: detect items
  4555 | D:6      | XOM: give mutation
  4555 | D:6      | Lost mutation: You have large cloven feet. [Xom's mischief]
  4567 | D:6      | Found an iron altar of Okawaru.
  4804 | D:7      | Reached skill level 14 in Long Blades
  5073 | D:7      | XOM: scenery: summon butterflies
  5111 | D:7      | XOM: god gift: condenser vane (2/2)
  5146 | D:7      | XOM: polymorph worker ant -> howler monkey
  5271 | D:7      | XOM: give mutations
  5271 | D:7      | Gained mutation: Your mind is acute. (Int +2) [Xom's grace]
  5271 | D:7      | Gained mutation: You have an increased reservoir of magic.
                  | (+10% MP) [Xom's grace]
  5366 | D:7      | XOM: scenery: summon butterflies
  5448 | D:7      | Reached skill level 15 in Long Blades
  5529 | D:7      | XOM: god gift: long sword {god gift}
  5566 | D:8      | XOM: enchant monster (bad)
  5574 | D:8      | XOM: 1-stop teleportation journey
  5597 | D:8      | XOM: give mutation
  5597 | D:8      | Lost mutation: You evolve. [Xom's mischief]
  5692 | D:8      | Found Lufeugac's Jewellery Shop.
  5731 | D:8      | XOM: give mutations
  5731 | D:8      | Gained mutation: Armour fits poorly on your strangely
                  | shaped body. [Xom's mischief]
  5731 | D:8      | Lost mutation: You have a somewhat thin skeletal structure.
                  | (Dex +2, Stealth) [Xom's mischief]
  5731 | D:8      | Lost mutation: Armour fits poorly on your strangely shaped
                  | body. [Xom's mischief]
  5731 | D:8      | Lost mutation: You have supernaturally acute eyesight.
                  | (SInv) [Xom's mischief]
  5807 | D:8      | XOM: chaos cloud
  6004 | D:8      | Reached skill level 16 in Long Blades
  6093 | D:8      | Found a staircase to the Lair.
  6104 | D:8      | HP: 12/70 [something (6)]
  6105 | D:8      | HP: 4/70 [orc priest/divine providence (8)]
  6109 | D:8      | Slain by a warg

Illustrated notes

Levels and vault maps discovered:
D:1:      dpeg_arrival_houses_and_road, layout_rooms
D:2:      layout_basic, trog_three_pillars_becter, uniq_robin
D:3:      layout_basic, nicolae_overflow_hidden_temple,
          ebering_ghost_rock_garden, fedhas_altar_3, uniq_terence, uniq_ijyb,
          uniq_natasha
D:4:      layout_basic, eat_drink_and_be_merry_uskayaw,
          minmay_temple_entry_hall, kennysheep_boxes, uniq_menkaure
D:5:      layout_basic, trog_hazing_becter
D:6:      layout_cave_pools, okawaru_altar_gauntlet_db, enter_ossuary_4,
          minivault_14
D:7:      layout_basic, hangedman_abyss_or_decor_stagger
D:8:      layout_loops_ring, erik_lair_orcish_takeover, serial_shops, shop

Skill      XL: |  1  2  3  4  5  6  7  8  9 |
---------------+----------------------------+-----
Long Blades    | 4 5 6 7 8 9 11 13 16 | 16.2
Fighting       | |  3.6
Armour         | |  2.4
Dodging        | |  1.1

Action                   |  1- 3 |  4- 6 |  7- 9 || total
-------------------------+-------+-------+-------++-------
Melee: Falchion          |    92 |   121 |    74 ||   287
       Headbutt          |    14 |    28 |    49 ||    91
       Great sword       |       |       |   169 ||   169
       Kick              |       |       |     5 ||     5
Evoke: Wand              |       |     4 |     2 ||     6
  Use: Potion            |       |     1 |     6 ||     7
       Scroll            |       |       |     1 ||     1
 Stab: Sleeping          |       |       |    18 ||    18
       Paralysed         |       |       |     3 ||     3
Armor: Leather armour    |    46 |    23 |    59 ||   128
Dodge: Dodged            |    72 |    70 |   152 ||   294
       Rpst.: Falchion   |    16 |    22 |    10 ||    48
       Great sword       |       |       |    32 ||    32

Table legend: (Time is in decaauts)
 A = Elapsed time spent in this place.
 B = Non-inter-level travel time spent in this place.
 C = Inter-level travel time spent in this place.
 D = Time resting spent in this place.
 E = Time spent auto-exploring this place.
 F = Levels seen in this place.
 G = Mean time per level.
                   A        B        C        D        E       F      G
               +--------+--------+--------+--------+--------+-----+--------+
         Total |   6120 |   5900 |    220 |     67 |   4282 |   9 |  680.0 |
       Dungeon |   5863 |   5643 |    220 |     67 |   4279 |   8 |  732.9 |
       Ossuary |    256 |    256 |      0 |      0 |      3 |   1 |  256.0 |
               +--------+--------+--------+--------+--------+-----+--------+

Top non-repeatable levels by time:
     D:2: 962 daAuts
     D:3: 913 daAuts
     D:5: 889 daAuts
     D:7: 852 daAuts
     D:4: 841 daAuts
     D:8: 546 daAuts
     D:6: 521 daAuts
     D:1: 335 daAuts
 Ossuary: 256 daAuts

Table legend:
 A = Kills in this place as a percentage of kills in entire the game.
 B = Kills by you in this place as a percentage of kills by you in the entire game.
 C = Kills by friends in this place as a percentage of kills by friends in the entire game.
 D = Other kills in this place as a percentage of other kills in the entire game.
 E = Experience gained in this place as a percentage of experience gained in the entire game.
 F = Experience gained in this place divided by the number of levels of this place that you have seen.
                   A       B       C       D       E      F
               +-------+-------+-------+-------+-------+----------------------
         Total | 100.0 | 100.0 | 100.0 |   N/A | 100.0 | 603.6
       Dungeon |  86.5 |  86.1 | 100.0 |   N/A |  95.7 | 649.5
       Ossuary |  13.5 |  13.9 |   0.0 |   N/A |   4.3 | 236.0
               +-------+-------+-------+-------+-------+----------------------
